Cogmind - Beta 14 @@@ ROGUE MODE // 2024.11.27 @ 21:52:20 Player: Skullbearer Result: Destroyed by G-34 Mercenary with Small Laser Performance ------------- Evolutions (0) 0 Regions Visited (1) 200 Robots Destroyed (10) 50 Value Destroyed (169) 169 Prototype IDs (2) 40 Alien Tech Used (0) 0 Bonus (0) 0 TOTAL SCORE: 459 Bonus ------- None Cogmind --------- Core Integrity 0/250 Matter 204/300 Energy 250/250 System Corruption 2% Temperature Cool (15) Movement Walking (190) Ox1 Location -10/Materials Parts ------- > --- POWER (1) -------- Ion Engine > --- PROPULSION (2) --- Aluminum Leg > --- UTILITY (2) ------ Small Storage Unit Signal Interpreter > --- WEAPON (2) ------- Hammer > --- INVENTORY (8) ---- Ion Engine Cooling System Structural Scanner Beam Rifle Grenade Launcher Hammer Peak State ------------ > --- POWER ------------ Ion Engine > --- PROPULSION ------- Hover Unit Hover Unit > --- UTILITY ---------- Small Storage Unit Structural Scanner > --- WEAPON ----------- Beam Rifle Hammer > --- INVENTORY -------- Ion Engine Aluminum Leg Hover Unit Medium Matter Pod Beam Rifle Beam Rifle Beam Rifle Grenade Launcher [Rating: 9] Favorites ----------- Power Ion Engine Engine Ion Engine Propulsion Hover Unit Leg Aluminum Leg Wheel Wheel Hover Unit Hover Unit Utility Small Storage Unit Device Structural Scanner Storage Small Storage Unit Processor Signal Interpreter Weapon Hammer Energy Gun Medium Laser Ballistic Gun Light Assault Rifle Impact Weapon Hammer Build | -11 -10 ------- Run | Yrd Mat Slots Evolved . | . . Power . | . . Propulsion . | . . Utility . | . . Weapon . | . . Parts Attached 21 | 5 16 Power 4 | 2 2 Engine 4 | 2 2 Core . | . . Reactor . | . . Propulsion 7 | 2 5 Treads . | . . Leg 1 | . 1 Wheel 2 | 2 . Hover 4 | . 4 Flight . | . . Utility 4 | 1 3 Device 1 | . 1 Storage 2 | 1 1 Processor 1 | . 1 Hackware . | . . Protection . | . . Artifact . | . . Weapon 6 | . 6 Energy Gun 3 | . 3 Energy Cannon . | . . Ballistic Gun 1 | . 1 Ballistic Cannon . | . . Launcher . | . . Special Weapon . | . . Impact Weapon 2 | . 2 Slashing Weapon . | . . Piercing Weapon . | . . Special Melee Weapon . | . . Unidentified Prototypes . | . . Parts Lost 4 | . 4 Power . | . . Propulsion 3 | . 3 Utility . | . . Weapon 1 | . 1 Highest Loss Streak 4 | . 4 To Critical Strikes . | . . Average Slot Usage (%) 98 | . 98 Engine 14 | . 14 Wheel 11 | . 11 Hover 15 | . 15 Device 7 | . 7 Storage 14 | . 14 Processor 5 | . 5 Energy Gun 12 | . 12 Ballistic Gun 1 | . 1 Impact Weapon 14 | . 14 Peak Build Rating 9 | 4 9 Average Rating 7 | 2 7 On Entrance 2 | . 4 Naked Turns . | . . Heaviest Build 16 | 8 16 Greatest Support 20 | 20 20 Greatest Overweight (x) 2 | . 2 Average Overweight (x) . | . . Largest Inventory Capacity 8 | 8 8 Average Capacity 7 | 6 8 Most Carried 8 | 6 8 Average Carried 7 | 4 7 Final Capacity 8 | 8 8 Final Carried 6 | 6 6 Class Distribution -------------------- 100% | Mutant Dominant Class ---------------- Mutant | -10/Materials Resources | -11 -10 ----------- Run | Yrd Mat Matter Collected 300 | 213 87 Remotely . | . . Salvage Created 131 | . 131 Parts 19 | . 19 Haulers Intercepted . | . . Recyclers Shooed . | . . Parts Field Recycled . | . . Retrieved Matter . | . . Parts Self-Destructed . | . . Prevented . | . . Kills | -11 -10 ------- Run | Yrd Mat Combat Hostiles Destroyed 6 | . 6 Melee 2 | . 2 Guns 4 | . 4 Classes Destroyed 5 | . 5 Tunneler 1 | . 1 Operator 1 | . 1 Watcher 2 | . 2 Swarmer 5 | . 5 Grunt 1 | . 1 Best Kill Streak 4 | . 4 Combat Bots Only 2 | . 2 Max Kills in Single Turn 2 | . 2 Gunslinging . | . . Exploded . | . . Melee 1 | . 1 Uniques/NPCs Destroyed . | . . Combat | -11 -10 -------- Run | Yrd Mat Hostile Shots Fired 64 | . 64 Missed 5 | . 5 Damage Taken 656 | . 656 Core 251 | . 251 Absorbed by Shields . | . . Core Remaining (%) 100 | 100 . Volleys Fired 23 | . 23 Largest 1 | . 1 Hottest 56 | . 56 Shots Fired 23 | . 23 Gun 23 | . 23 Cannon . | . . Launcher . | . . Special . | . . Kinetic . | . . Thermal 23 | . 23 Explosive . | . . Electromagnetic . | . . Robot Hit Streak 2 | . 2 Robot Miss Streak 4 | . 4 Penetration Max . | . . Secondary Targets . | . . Shots Hit Robots 18 | . 18 Core Hits 10 | . 10 Critical Kills . | . . Critical Parts Destroyed . | . . Critical Strikes 1 | . 1 Burn 1 | . 1 Melee Attacks 13 | . 13 Impact 13 | . 13 Slashing . | . . Piercing . | . . Sneak Attacks . | . . Combat Hostiles . | . . Follow-up Attacks . | . . Damage Inflicted 532 | . 532 Guns 110 | . 110 Cannons . | . . Explosions 152 | . 152 Melee 270 | . 270 Ramming . | . . Kinetic . | . . Thermal 262 | . 262 Explosive . | . . Electromagnetic . | . . Impact 270 | . 270 Slashing . | . . Piercing . | . . Highest Corruption 2 | . 2 Average Corruption 2 | . 2 Corruption Purged . | . . Corruption Blocked . | . . Effects 3 | . 3 Message Errors 1 | . 1 Matter Fused 1 | . 1 Energy Discharges 1 | . 1 Overload Shots . | . . Overflow Damage . | . . Projectiles . | . . Explosions . | . . Melee . | . . Knockbacks 2 | . 2 Impact 2 | . 2 Kinetic . | . . Secondary . | . . Self-Inflicted Damage 112 | . 112 Shots 1 | . 1 Rammed . | . . Targets Rammed . | . . Kicked . | . . Crushed . | . . Highest Temperature 100 | . 100 Average Temperature 26 | . 26 Received Heat Transfer 168 | . 168 Siege Activations . | . . Robots Corrupted . | . . Combat Hostiles . | . . Parts Fried . | . . Impact Corruptions . | . . Robots Melted . | . . Combat Hostiles . | . . Parts Melted 3 | . 3 Heat Transferred 470 | . 470 Parts Sabotaged . | . . Parts Stolen . | . . Parts Stripped . | . . Power Chain Reactions . | . . Alert | -11 -10 ------- Run | Yrd Mat Peak Influence 182 | . 182 Initial . | . . Average 59 | . 63 Maximum Alert Level . | . . Low Security (%) 100 | 100 100 Level 1 . | . . Level 2 . | . . Level 3 . | . . Level 4 . | . . Level 5 . | . . High Security . | . . Max Security . | . . Squads Dispatched 2 | . 2 Investigation 1 | . 1 Extermination . | . . Reinforcement 1 | . 1 Assault . | . . Garrison . | . . Intercept . | . . Searches Triggered . | . . Construction Impeded . | . . Haulers Reinforced . | . . Active Scanning Responses . | . . Cargo Convoy Interrupts . | . . Stealth | -11 -10 --------- Run | Yrd Mat Distress Signals 2 | . 2 Communications Jammed . | . . Distress Signals . | . . Times Spotted 17 | . 17 Peak Tracking Total 5 | . 5 Tactical Retreats 1 | . 1 Traps | -11 -10 ------- Run | Yrd Mat Traps Triggered 1 | . 1 Indirectly . | . . Trap Hack Attempts . | . . Triggered . | . . Disarmed . | . . Reprogrammed . | . . Reused . | . . Traps Extracted . | . . Installed . | . . Triggered . | . . Machines | -11 -10 ---------- Run | Yrd Mat Machines Disabled 3 | . 3 Max in Single Turn 3 | . 3 Machines Repaired . | . . Machines Dismantled . | . . Machines Sabotaged . | . . Overloaded Fab Kills . | . . Hacking | -11 -10 --------- Run | Yrd Mat Machines Accessed 4 | . 4 Terminals 4 | . 4 Fabricators . | . . Repair Stations . | . . Recycling Units . | . . Scanalyzers . | . . Garrison Access . | . . Total Hacks 12 | . 12 Successful 9 | . 9 Failed 3 | . 3 Catastrophic . | . . Database Lockouts . | . . Manual . | . . Terminals 12 | . 12 Fabricators . | . . Repair Stations . | . . Recycling Units . | . . Scanalyzers . | . . Garrison Access . | . . Terminal Hacks 9 | . 9 Record 1 | . 1 Robot Analysis 1 | . 1 Prototype ID Bank 1 | . 1 Locate Traps 3 | . 3 Reinforcement Status 1 | . 1 Hauler Manifests 1 | . 1 Zone Layout 1 | . 1 Fabricator Hacks . | . . Repair Station Hacks . | . . Recycling Unit Hacks . | . . Scanalyzer . | . . Garrison Access Hacks . | . . Unauthorized Hacks . | . . Terminals . | . . Fabricators . | . . Repair Stations . | . . Recycling Units . | . . Scanalyzers . | . . Garrison Access . | . . Data Cores Recovered . | . . Used . | . . Hacking Detections 2 | . 2 Full Trace Events 1 | . 1 Feedback Events . | . . Feedback Blocked . | . . Robot Schematics Acquired . | . . Robots Built . | . . Authchips . | . . Time . | . . Total Robot Build Rating . | . . Part Schematics Acquired . | . . Parts Built . | . . Authchips . | . . Time . | . . Total Part Build Rating . | . . Parts Repaired . | . . Time . | . . Parts Recycled . | . . Recycled Matter . | . . Retrieved Matter . | . . Retrieved Components . | . . Parts Scanalyzed . | . . Part Schematics Acquired . | . . Parts Damaged . | . . Bothacking | -11 -10 ------------ Run | Yrd Mat Used RIF Installer . | . . Robots Hacked . | . . Non-combat . | . . Combat . | . . Robot Hacks Applied . | . . Relay Couplers Released . | . . Fabnet Peak Effective % . | . . Robots Rewired . | . . Allies Hacked . | . . Hacks Repelled . | . . Allies | -11 -10 -------- Run | Yrd Mat Total Allies . | . . Largest Group . | . . Highest-Rated Group . | . . Highest-Rated Ally . | . . Total Orders . | . . Ally Attacks . | . . Total Damage . | . . Kills . | . . Allies Corrupted . | . . Allies Melted . | . . Intel | -11 -10 ------- Run | Yrd Mat Robot Analysis Total 1 | . 1 Derelict Logs Recovered . | . . Drone Launches . | . . Drone Recoveries . | . . Exploration | -11 -10 ------------- Run | Yrd Mat Turns Passed 776 | 53 723 Spaces Moved 626 | 56 570 Core 21 | 21 . Treads . | . . Legs 3 | . 3 Wheels 320 | 35 285 Hover 282 | . 282 Flight . | . . Fastest Speed 50 | 50 80 Average Speed 95 | 68 98 Slowest Speed 190 | 80 190 Overloaded Moves . | . . Propulsion Burnouts . | . . Robots Hopped . | . . Cave-ins Triggered . | . . Exploration Rate (%) 41 | 4 78 Regions Visited 1 Branch Regions . Pre-discovered Areas . | . . Known Exits Taken . | . . Unknown Exits Taken 1 | 1 . Scrap Searched . | . . Spaces Dug . | . . Terrain Destroyed 11 | . 11 Melee . | . . Projectile . | . . AOE 11 | . 11 Terrain Rammed . | . . Walls Destroyed . | . . Machines Disabled . | . . Actions | -11 -10 --------- Run | Yrd Mat Total 760 | 68 692 Wait 37 | . 37 Move 625 | 55 570 Hop . | . . Pick Up 24 | 8 16 Fast Attach 3 | 2 1 Attach 9 | 2 7 Detach 1 | . 1 Swap 9 | 1 8 Drop 16 | . 16 Fire 23 | . 23 Melee 13 | . 13 Ram . | . . Kick . | . . Crush . | . . Escape Stasis . | . . Rewire . | . . Trap . | . . Miscellaneous . | . . Route ------- -11/Scrapyard -10/Materials (discovered 5 exits: [*Mat x2] / [*Min x2] / [Sub]) History --------- Turn | Location | Event 5 | -11/Scrapyard | Discovered new exit (range 15) 54 | -11/Scrapyard | Entered Materials 110 | -10/Materials | Discovered new exit (range 5) 171 | -10/Materials | Discovered new exit (range 8) 260 | -10/Materials | Discovered new exit (range 16) 311 | -10/Materials | Build established: Mutant 339 | -10/Materials | Discovered new exit (range 15) 678 | -10/Materials | Discovered new exit (range 8) 750 | -10/Materials | Core integrity fell below 50% 766 | -10/Materials | Core integrity fell below 20% 777 | -10/Materials | Destroyed by G-34 Mercenary with Small Laser Last Messages --------------- Flight Unit melted. S-10 Pest destroyed. R-06 Scavenger collects Mining Laser. R-06 Scavenger collects Hover Unit. R-06 Scavenger collects Seismic Detector. R-06 Scavenger collects Imp. Terrain Scanner. Hover Unit destroyed. K-01 Serf collects debris. Hover Unit destroyed. K-01 Serf collects debris. Hover Unit destroyed. K-01 Serf collects debris. U-05 Engineer lays Concrete. K-01 Serf collects debris. U-05 Engineer lays Concrete. Critical hit (Burn: +37). System corrupted: Matter fused (-6). U-05 Engineer lays Concrete. Beam Rifle destroyed. K-01 Serf collects debris. Map ----- +----------------------------------------------------+ | ###########?# #??????????????? | | #???# #??????????????? | | #???#!|| """ #??????????????? | | #???#!|| """ #??????????????? | | ?? #???#!| """ !#??????????????? | | ? ???????# #??????????????? | | ??? ?????# #??????????????? | | ???? #???# #??????????????? | | ???? #???# #??????????????? | | #??????##???## ######## #?????? ???????? | | #????????????# ########+#####? +??????? | | #????????????# # #? #??????? | | #????????????# # #? #??????? | | #????????????# # # #??????? | | #????????????# # # #??????? | | #????????????# # # #??????? | | #### ????????+ + = ! # #??????? | | #### ????????# ##########+### #??????? | | / ????????+ #????####u k #??????? | | ####??????####+#####?#" *[ % #??????? | | T## ??????# #?#" == % #??????? | | ### ??????# """ #?#"*== #??????? | | # ??????# """ #??#;= #??????? | | + ??????# """ ####;; #??????? | | # ??????# + #??????? | | #### ?????#] """ ####;@ g + ? | | ## ? ??# """ #??#;; g; # ? | | #######??# """ #??# g; #??????? | | " #######??# ! #??#! sg #??????? | | " ## ##??##########??##!!!!## #??????? | | " + ##???????????????######? #??????? | | ## ##?????????????????????? r#??????? | | ## ##?????????????????????? %#??????? | | #### ##??????????????????????? [#??????? | | ##??????????????????????? #??????? | | ##??????????????????????? T??????? | | ##??????????????????????? #??????? | | ##???????????????????????? #??????? | | """ ##???????????????????????? ???????? | | """ ############??????????????????????? | | """ ############??????????????????????? | | """ # ##??????????????????????? | | """ # ##??????????????????????? | | # """ ##??????????????????????? | | # """ ##??????????????????????? | | + """ ""##??????????????????????? | | ^# T"##??????????????????????? | | #+## < # ""##??????????????????????? | | # # * ##??????????????????????? | | ################??????????????????????? | +----------------------------------------------------+ Best States ------------- Heat Dissipation 25 Energy Generation 10 Energy Capacity 250 Matter Stores 247 Matter Capacity 400 Sight Range 16 Terrain Scan Density 10 Evasion (%) 50 Item Schematics ----------------- None Robot Schematics ------------------ None Fabricated ------------ Nothing Alien Tech Used ----------------- None Achievements -------------- None Challenges ------------ None Game ------ Seed DisassembledProjectionGun Manual? 0 Play Time 00:14:24 Cumulative 4.5 hours Start 2024.11.27 @ 21:39:28 End 2024.11.27 @ 21:52:20 Sessions 1 Manual Loads 0 Difficulty Rogue Special Mode None Game No. 8 Rogue 8 Adventurer 0 Explorer 0 Win Type - Total 0 Types 0/0/0/0/0/0/0/0/0 Lore% 7 Gallery% 8 Achievement% 8 Wizard Run 0 Options --------- Layout 1 ASCII 0 Keyboard 0 Movement Mouse Keybinds 0 Fullscreen 1 Font 32/SmallcapsGlow Map View 50x35 Zoom Use 0% Tactical HUD 0 Map Filters NONE Filters NONE Steam 1 RUN: 1fc5aca6-d0ad-4972-92b2-ce1c7fac146d